cohdb
Replays
Latest Replays
All Replays
Popular Replays
Top Player Replays
Match Explorer
How It Works
Community
CoH3 Stats
Reddit
Sign in to upload your games and track your stats! →
Sign in with Steam
Match 44852634
Unlisted
Match 44852634
Overview
Messages
Build Orders
End
Engineer Squad
Selects Special Operations Battlegroup
Selects M29 Weasel Recon Vehicle
M29 Weasel Recon Vehicle
Construct Weapon Support Center
M1919 Machine Gun Team
Sniper
Infantry Support Center
Bazooka Squad
Construct Motor Pool
M8 Greyhound Armored Car
Selects Raiding Flares
M24 Chaffee Light Tank
Engineer Squad
Selects SSF Commando Squad
SSF Commando Squad
Advanced Logistics
Raiding Flares
Selects Mark Vehicle
SSF Commando Squad
Construct Tank Depot
SSF Commando Squad
M4A1 Sherman Medium Tank
M3 Armored Personnel Carrier
Selects UNKNOWN (2162291)
Selects Air Re-supply Operation
Raiding Flares
Mark Vehicle
Improved M9 Bazooka Rockets
M4A1 Sherman Whizbang
M3 Armored Personnel Carrier
Survival Training
Mark Vehicle
Munitions Surplus
Mark Vehicle
Raiding Flares
SSF Commando Squad
M4A1 Sherman Whizbang
Scout Squad
Mark Vehicle
TwistedTootsy
Stormless
Grunka Lunka
Jæver
JaegerMeisteR
sympTom
0
0
Comments
sign in to comment!
No comments posted yet!